 Dungeon Crawl Stone Soup version 0.21.0-3-g78d12a8 (webtiles) character file.

428 grindst0ne the Skirmisher (level 6, -3/55 HPs)
             Began as a Demonspawn Chaos Knight on Jan 12, 2018.
             Slain by an ogre
             ... wielding a +0 giant spiked club
              (13 damage)
             ... on level 4 of the Dungeon.
             The game lasted 00:05:25 (3682 turns).

grindst0ne the Skirmisher (Demonspawn Chaos Knight) Turns: 3682, Time: 00:05:26

Health: -3/55      AC:  7    Str: 11 (14) XL:     6   Next: 65%
Magic:  15/15      EV: 11    Int: 14 (17) God:    Xom [....*.]
Gold:   176        SH:  0    Dex: 11 (12) Spells: 5/5 levels left

rFire    + . .     SeeInvis .   a - +0 hand axe (chaos)
rCold    . . .     Gourm    .   (no shield)
rNeg     . . .     Faith    .   i - +3 leather armour
rPois    .         Spirit   .   (helmet restricted)
rElec    .         Reflect  .   (no cloak)
rCorr    .         Harm     .   t - +0 pair of gloves
MR       .....     Rnd*Tele +   (no boots)
Stlth    ++........             (no amulet)
HPRegen  0.18/turn              o - ring of magical power (curse)
MPRegen  0.14/turn              v - +3 ring of intelligence

@: no status effects
A: claws 1, horns 1, fire resistance 1, nightstalker 1, teleportitis 1
a: Renounce Religion


You were on level 4 of the Dungeon.
You worshipped Xom.
You were a beloved toy of Xom.
You were not hungry.

You visited 1 branch of the dungeon, and saw 4 of its levels.

You collected 176 gold pieces.

Inventory:

Hand Weapons
 a - a +0 hand axe of chaos (weapon)
Armour
 b - a +2 leather armour
 i - a +3 leather armour (worn)
 l - a +0 chain mail
 t - a +0 pair of gloves (worn)
Jewellery
 o - a cursed ring of magical power (left hand)
 v - a +3 ring of intelligence (right hand)
Scrolls
 d - a scroll of enchant armour {unknown}
 e - 2 scrolls of magic mapping {unknown}
 f - a scroll of fear {unknown}
 g - 2 scrolls of immolation {unknown}
 j - 2 scrolls of teleportation {unknown}
 k - 3 scrolls of identify {unknown}
 p - 2 scrolls of amnesia {unknown}
 r - a scroll of remove curse {unknown}
 s - a scroll of enchant weapon {unknown}
Potions
 h - a potion of degeneration
Comestibles
 c - 7 rations
 x - 2 chunks of flesh


   Skills:
 + Level 7.6 Fighting
 - Level 2.6 Axes
 - Level 1.7 Armour
 - Level 0.8 Dodging


You had 5 spell levels left.
You didn't know any spells.

Dungeon Overview and Level Annotations

Branches:
Dungeon (4/15)
 Temple: D:4-7

Altars:
Fedhas
Makhleb
Qazlal
Sif Muna
Trog
Wu Jian
Yredelemnul
Zin
The Shining One

Shops:
D:4 }


Innate Abilities, Weirdness & Mutations

You have sharp fingernails.
Your flesh is heat resistant. (rF+)
You are slightly more attuned to the shadows.
You have a pair of small horns on your head.
You are occasionally teleported next to monsters.


Message History

The adder bites you.
You are poisoned.
The adder poisons you!
You feel sick. "I like them better like this."
The adder reforms as an arrow.
You feel sick.
The ogre hits you with a giant spiked club!
* * * LOW HITPOINT WARNING * * *
You feel sick.
You feel sick.
You feel sick.
You are no longer poisoned.
You are starting to lose your buoyancy.
There is a stone staircase leading up here.
You see here 26 arrows.
You float gracefully downwards.
The ogre hits you with a giant spiked club!
You die...
Xom thinks this is hilarious!

###########
#>........#
#.........#
#.........#
#.........#
#.........#####
#########.....#
#.....# #O@...#
#.(...# #.....#
#.....############
##...............#
#...............#
#..<............#
#...............#
#...............#


You could see an ogre.

Vanquished Creatures
  2 orc priests
  2 hounds (D:4)
  An orc wizard (D:3)
  5 worker ants (D:4)
  8 adders
  An ooze (D:2)
  4 worms (D:2)
  3 dart slugs
  2 leopard geckos
  4 orcs
  10 bats
  A giant cockroach (D:1)
  7 hobgoblins
  5 jackals
  2 quokkas
  2 ball pythons
  A frilled lizard (D:2)
  9 goblins
  9 kobolds
  4 rats
82 creatures vanquished.

Notes
Turn   | Place    | Note
-------+----------+-------------------------------------------
     0 | D:1      | grindst0ne the Demonspawn Chaos Knight began the quest for the Orb.
     0 | D:1      | Reached XP level 1. HP: 18/18 MP: 1/1
    58 | D:1      | XOM: potion effect (brilliance)
    62 | D:1      | XOM: potion effect (might)
   126 | D:1      | Gained mutation: Your flesh is heat resistant. (rF+) [demonic ancestry]
   126 | D:1      | Reached XP level 2. HP: 23/24 MP: 2/2
   280 | D:1      | Reached skill level 4 in Fighting
   498 | D:1      | XOM: harmless Air miscast
   502 | D:1      | Gained mutation: You have sharp fingernails. [demonic ancestry]
   502 | D:1      | Reached XP level 3. HP: 30/30 MP: 3/3
   529 | D:1      | XOM: harmless Erth miscast
   657 | D:1      | XOM: silly message
   787 | D:2      | XOM: divination: detect items
   942 | D:2      | XOM: harmless Ice miscast
  1078 | D:2      | XOM: harmless Necr miscast
  1096 | D:2      | XOM: harmless Tloc miscast
  1232 | D:2      | Found a faded altar of an unknown god.
  1308 | D:2      | Reached skill level 5 in Fighting
  1308 | D:2      | Gained mutation: You are slightly more attuned to the shadows. [demonic ancestry]
  1308 | D:2      | Reached XP level 4. HP: 29/39 MP: 4/4
  1437 | D:2      | XOM: cloud trail
  1535 | D:2      | XOM: divination: magic mapping
  1566 | D:2      | Found an ornate altar of the Wu Jian Council.
  2132 | D:3      | Reached XP level 5. HP: 6/46 MP: 5/5
  2145 | D:3      | HP: 2/46 [orc wizard/dagger (2)]
  2149 | D:3      | Reached skill level 6 in Fighting
  2674 | D:3      | XOM: scenery: 2 doors open, 6 doors close
  2681 | D:3      | Found a burning altar of Makhleb.
  2682 | D:3      | Found a glowing silver altar of Zin.
  2683 | D:3      | Found a glowing golden altar of the Shining One.
  2684 | D:3      | Found a blossoming altar of Fedhas.
  2685 | D:3      | Found a basalt altar of Yredelemnul.
  2686 | D:3      | Found a deep blue altar of Sif Muna.
  2686 | D:3      | Found a bloodstained altar of Trog.
  3249 | D:4      | Reached XP level 6. HP: 51/53 MP: 6/6
  3255 | D:4      | Reached skill level 7 in Fighting
  3299 | D:4      | Found Hidu's Gadget Boutique.
  3352 | D:4      | Found a stormy altar of Qazlal.
  3357 | D:4      | Noticed a fire elemental
  3361 | D:4      | Noticed an air elemental
  3377 | D:4      | XOM: enchant monster (bad)
  3393 | D:4      | Gained mutation: You are occasionally teleported next to monsters. [potion of mutation]
  3393 | D:4      | Gained mutation: You have a pair of small horns on your head. [potion of mutation]
  3584 | D:4      | Noticed a water elemental
  3637 | D:4      | XOM: confusion
  3638 | D:4      | XOM: harmless Chrm miscast
  3650 | D:4      | XOM: snakes to sticks
  3682 | D:4      | Slain by an ogre

Skill      XL: |  1  2  3  4  5  6 |
---------------+-------------------+-----
Fighting       | 4 5 6 7 |  7.6
Axes           | |  2.6
Armour         | |  1.7
Dodging        | |  0.8

Action                   |  1- 3 |  4- 6 || total
-------------------------+-------+-------++-------
Melee: Hand axe          |   166 |   168 ||   334
       Headbutt          |       |     4 ||     4
  Use: Potion            |     1 |     9 ||    10
 Stab: Petrified         |     8 |     1 ||     9
       Paralysed         |       |     2 ||     2
       Sleeping          |       |     2 ||     2
       Confused          |       |     1 ||     1
       Petrifying        |       |     1 ||     1
  Eat: Chunk             |     1 |     8 ||     9
Armor: Leather armour    |    15 |    46 ||    61
       Chain mail        |   126 |    45 ||   171
Dodge: Dodged            |    78 |    84 ||   162
